| TOP OF THE 1ST |
|
Minnesota (NYP) Twins batting - Pitching for Aberdeen Ironbirds : RHP Brent Widder
|
|
Pitching: RHP Brent Widder
|
|
|
Batting: LHB Chris Munguia
|
0-0: Called Strike 0-1: Fly out, F7 (Flyball, 7D, EV 85.0 MPH)
|
|
Batting: RHB David Nardone
|
0-0: Called Strike 0-1: Swinging Strike 0-2: Strikes out swinging
|
|
Batting: RHB Miguel Diaz
|
0-0: Foul Ball, location: 2F 0-1: SINGLE (Groundball, 6D, EV 94.4 MPH)
|
|
Batting: RHB Jose Nunez
|
0-0: Ball 1-0: Ball 2-0: Swinging Strike 2-1: Ball 3-1: Base on Balls Miguel Diaz to second
|
|
Batting: RHB Michael McDonald
|
0-0: Ball Wild Pitch! Miguel Diaz to third Jose Nunez to second 1-0: Ground out 5-3 (Groundball, 56S, EV 80.6 MPH)
|
| Top of the 1st over - 0 runs, 1 hit, 0 errors, 2 left on base; Minnesota (NYP) 0 - Aberdeen 0 |
| BOTTOM OF THE 1ST |
|
Aberdeen Ironbirds batting - Pitching for Minnesota (NYP) Twins : LHP Mike Horton
|
|
Pitching: LHP Mike Horton
|
|
|
Batting: LHB Shane Free
|
0-0: Called Strike 0-1: Ball 1-1: Foul Ball, location: 2F 1-2: SINGLE (Groundball, 4D, EV 103.1 MPH)
|
|
Batting: RHB Travis Carter
|
0-0: Ball 1-0: Fielders Choice at 2nd, 6-4 (Groundball, 6, EV 110.6 MPH)
|
|
Batting: LHB Raul Rojas
|
0-0: Ball Travis Carter steals 2nd base 1-0: Ball 2-0: Ground out 6-3 (Groundball, 56, EV 106.3 MPH)
|
|
Batting: RHB Edwin Ramos
|
0-0: Ground out 6-3 (Groundball, 6, EV 84.4 MPH)
|
| Bottom of the 1st over - 0 runs, 1 hit, 0 errors, 1 left on base; Minnesota (NYP) 0 - Aberdeen 0 |
| TOP OF THE 2ND |
|
Minnesota (NYP) Twins batting - Pitching for Aberdeen Ironbirds : RHP Brent Widder
|
|
Batting: RHB Graham Calvert
|
0-0: Ball 1-0: Called Strike 1-1: Ground out U3 (Groundball, 3, EV 91.3 MPH)
|
|
Batting: RHB Tony Crespo
|
0-0: Foul Ball, location: 2F 0-1: Ball 1-1: Called Strike 1-2: Ball 2-2: Fly out, F9 (Flyball, 9LD, EV 94.4 MPH)
|
|
Batting: LHB Seung-jun Chang
|
0-0: Called Strike 0-1: Ball 1-1: Ball 2-1: Ball 3-1: Called Strike 3-2: Strikes out swinging
|
| Top of the 2nd over - 0 runs, 0 hits, 0 errors, 0 left on base; Minnesota (NYP) 0 - Aberdeen 0 |
| BOTTOM OF THE 2ND |
|
Aberdeen Ironbirds batting - Pitching for Minnesota (NYP) Twins : LHP Mike Horton
|
|
Batting: SHB Jorge Brito
|
0-0: Foul Ball, location: 2F 0-1: Fly out, F9 (Flyball, 9D, EV 103.8 MPH)
|
|
Batting: LHB David Best
|
0-0: Ball 1-0: Ball 2-0: Ball 3-0: Called Strike 3-1: Reached on error, E6 (Groundball, 56D, EV 105.6 MPH)
|
|
Batting: LHB Bill Ostlund
|
0-0: Called Strike 0-1: Ball 1-1: Called Strike 1-2: Fielders Choice at 2nd, 6-4 (Groundball, 6MD, EV 76.9 MPH)
|
|
Batting: RHB Ioan Biros
|
0-0: Ball 1-0: Ball Bill Ostlund steals 2nd base 2-0: Ball 3-0: Called Strike 3-1: Called Strike 3-2: Ground out 6-3 (Groundball, 6, EV 98.8 MPH)
|
| Bottom of the 2nd over - 0 runs, 0 hits, 1 error, 1 left on base; Minnesota (NYP) 0 - Aberdeen 0 |
| TOP OF THE 3RD |
|
Minnesota (NYP) Twins batting - Pitching for Aberdeen Ironbirds : RHP Brent Widder
|
|
Batting: SHB Donell Burney
|
0-0: Ball 1-0: Ball 2-0: Called Strike 2-1: Foul Ball, location: 2F 2-2: Strikes out swinging
|
|
Batting: LHB Chris Munguia
|
0-0: Called Strike 0-1: Called Strike 0-2: Strikes out swinging
|
|
Batting: RHB David Nardone
|
0-0: Ball 1-0: Ball 2-0: Foul Ball, location: 2F 2-1: Ball 3-1: Foul Ball, location: 2F 3-2: Base on Balls
|
|
Batting: RHB Miguel Diaz
|
0-0: Called Strike David Nardone is caught stealing 2nd base 2-4
|
| Top of the 3rd over - 0 runs, 0 hits, 0 errors, 0 left on base; Minnesota (NYP) 0 - Aberdeen 0 |
| BOTTOM OF THE 3RD |
|
Aberdeen Ironbirds batting - Pitching for Minnesota (NYP) Twins : LHP Mike Horton
|
|
Batting: LHB Rodolfo Montes
|
0-0: Ball 1-0: Called Strike 1-1: Ball 2-1: Fly out, F7 (Flyball, 7S, EV 91.3 MPH)
|
|
Batting: LHB Shane Free
|
0-0: Swinging Strike 0-1: Ball 1-1: Ball 2-1: Ball 3-1: Base on Balls
|
|
Pitching: RHP Kevin Colgin
|
|
|
Batting: RHB Travis Carter
|
0-0: Ball Shane Free is caught stealing 2nd base 2-4 1-0: Called Strike 1-1: Ball 2-1: Foul Ball, location: 2F 2-2: SINGLE (Groundball, 56D, EV 94.4 MPH)
|
|
Batting: LHB Raul Rojas
|
0-0: Ball 1-0: Foul Ball, location: 2F 1-1: Ball Travis Carter steals 2nd base 2-1: SINGLE (Groundball, 34D, EV 94.4 MPH) Travis Carter to third Runner from 3rd tries for Home, SAFE, throw by RF to home
|
|
Batting: RHB Edwin Ramos
|
0-0: Ball 1-0: Ball 2-0: Ball 3-0: Base on Balls Raul Rojas to second
|
|
Batting: SHB Jorge Brito
|
0-0: Called Strike 0-1: Fly out, F8 (Flyball, 8LD, EV 101.3 MPH)
|
| Bottom of the 3rd over - 1 run, 2 hits, 0 errors, 2 left on base; Minnesota (NYP) 0 - Aberdeen 1 |
| TOP OF THE 4TH |
|
Minnesota (NYP) Twins batting - Pitching for Aberdeen Ironbirds : RHP Brent Widder
|
|
Batting: RHB Miguel Diaz
|
0-0: Called Strike 0-1: Called Strike 0-2: Foul Ball, location: 2F 0-2: Foul Ball, location: 2F 0-2: Strikes out looking
|
|
Batting: RHB Jose Nunez
|
0-0: Ball 1-0: Ball 2-0: Ground out 6-3 (Groundball, 6, EV 85.0 MPH)
|
|
Batting: RHB Michael McDonald
|
0-0: Foul Ball, location: 2F 0-1: Ball 1-1: Ball 2-1: Fly out, F7 (Flyball, 78D, EV 90.6 MPH)
|
| Top of the 4th over - 0 runs, 0 hits, 0 errors, 0 left on base; Minnesota (NYP) 0 - Aberdeen 1 |
| BOTTOM OF THE 4TH |
|
Aberdeen Ironbirds batting - Pitching for Minnesota (NYP) Twins : RHP Kevin Colgin
|
|
Batting: LHB David Best
|
0-0: Ball 1-0: Ball 2-0: Ball 3-0: Base on Balls
|
|
Pitching: RHP Matt Lundy
|
|
|
Batting: LHB Bill Ostlund
|
0-0: Called Strike 0-1: Swinging Strike 0-2: Ball 1-2: Ball Wild Pitch! David Best to second 2-2: SINGLE (Line Drive, 7LS, EV 101.3 MPH) David Best to third
|
|
Batting: RHB Ioan Biros
|
0-0: Called Strike Bill Ostlund steals 2nd base 0-1: Swinging Strike 0-2: Foul Ball, location: 2F 0-2: Ball 1-2: 3-RUN HOME RUN (Flyball, 7D, EV 99.4 MPH), Distance : 395 ft
|
|
Batting: LHB Rodolfo Montes
|
0-0: Ball 1-0: Ball 2-0: Ground out 4-3 (Groundball, 4, EV 100.0 MPH)
|
|
Batting: LHB Shane Free
|
0-0: Ball 1-0: Ball 2-0: Ball 3-0: Base on Balls
|
|
DELAY
|
Rain delay of 28 minutes in the 4th inning.
|
|
Pitching: RHP Ruben Torres
|
|
|
Batting: RHB Travis Carter
|
0-0: Ball 1-0: Ball 2-0: Called Strike 2-1: Ball 3-1: Base on Balls Shane Free to second
|
|
Batting: LHB Raul Rojas
|
0-0: Ball Shane Free steals 3rd base Travis Carter to second 1-0: Ball 2-0: Ball 3-0: Base on Balls
|
|
Batting: RHB Edwin Ramos
|
0-0: Ball 1-0: Ball 2-0: GRAND SLAM HOME RUN (Flyball, 9LD, EV 95.6 MPH), Distance : 337 ft
|
|
Batting: SHB Jorge Brito
|
0-0: Ball 1-0: Ball 2-0: Called Strike 2-1: Foul Ball, location: 2F 2-2: Foul Ball, location: 2F 2-2: Ball 3-2: Foul Ball, location: 2F 3-2: Ground out 6-3 (Groundball, 6, EV 105.0 MPH)
|
|
Batting: LHB David Best
|
0-0: Ground out 3-1 (Groundball, 34S, EV 90.6 MPH)
|
| Bottom of the 4th over - 7 runs, 3 hits, 0 errors, 0 left on base; Minnesota (NYP) 0 - Aberdeen 8 |
| TOP OF THE 5TH |
|
Minnesota (NYP) Twins batting - Pitching for Aberdeen Ironbirds : RHP Brent Widder
|
|
Batting: RHB Graham Calvert
|
0-0: Called Strike 0-1: Swinging Strike 0-2: Ball 1-2: Ball 2-2: Foul Ball, location: 2F 2-2: Ball 3-2: Fly out, F7 (Flyball, 78S, EV 78.1 MPH)
|
|
Batting: RHB Tony Crespo
|
0-0: Ball 1-0: Ball 2-0: Called Strike 2-1: Foul Ball, location: 2F 2-2: Strikes out looking
|
|
Batting: LHB Seung-jun Chang
|
0-0: Ball 1-0: Foul Ball, location: 2F 1-1: Foul Ball, location: 2F 1-2: Strikes out looking
|
| Top of the 5th over - 0 runs, 0 hits, 0 errors, 0 left on base; Minnesota (NYP) 0 - Aberdeen 8 |
| BOTTOM OF THE 5TH |
|
Aberdeen Ironbirds batting - Pitching for Minnesota (NYP) Twins : RHP Ruben Torres
|
|
Batting: LHB Bill Ostlund
|
0-0: Ball 1-0: Fly out, F8 (Flyball, 8LD, EV 104.4 MPH)
|
|
Batting: RHB Ioan Biros
|
0-0: SOLO HOME RUN (Line Drive, 7D, EV 98.8 MPH), Distance : 395 ft
|
|
Batting: LHB Rodolfo Montes
|
0-0: Called Strike 0-1: Ground out 4-3 (Groundball, 4MD, EV 103.1 MPH)
|
|
Batting: LHB Shane Free
|
0-0: Ball 1-0: Foul Ball, location: 2F 1-1: Swinging Strike 1-2: Ball 2-2: Ball 3-2: Base on Balls
|
|
Batting: RHB Travis Carter
|
0-0: Ball 1-0: Fly out, F8 (Flyball, 8LS, EV 78.8 MPH)
|
| Bottom of the 5th over - 1 run, 1 hit, 0 errors, 1 left on base; Minnesota (NYP) 0 - Aberdeen 9 |
| TOP OF THE 6TH |
|
Minnesota (NYP) Twins batting - Pitching for Aberdeen Ironbirds : RHP Brent Widder
|
|
Batting: SHB Donell Burney
|
0-0: Called Strike 0-1: Ball 1-1: Ground out U3 (Groundball, 3, EV 91.3 MPH)
|
|
Batting: LHB Chris Munguia
|
0-0: Called Strike 0-1: Ball 1-1: Foul Ball, location: 2F 1-2: Ball 2-2: Ground out 6-3 (Groundball, 6, EV 101.3 MPH)
|
|
Batting: RHB David Nardone
|
0-0: Ball 1-0: Called Strike 1-1: Ball 2-1: Fly out, F8 (Line Drive, 8RS, EV 101.3 MPH)
|
| Top of the 6th over - 0 runs, 0 hits, 0 errors, 0 left on base; Minnesota (NYP) 0 - Aberdeen 9 |
| BOTTOM OF THE 6TH |
|
Aberdeen Ironbirds batting - Pitching for Minnesota (NYP) Twins : RHP Ruben Torres
|
|
Batting: LHB Raul Rojas
|
0-0: Ball 1-0: Fly out, F2 (Popup, 2LF, EV 93.1 MPH)
|
|
Batting: RHB Edwin Ramos
|
0-0: Ball 1-0: Called Strike 1-1: Called Strike 1-2: Ball 2-2: Ball 3-2: Foul Ball, location: 2F 3-2: Foul Ball, location: 2F 3-2: Foul Ball, location: 2F 3-2: Fly out, F9 (Flyball, 9, EV 79.4 MPH)
|
|
Batting: SHB Jorge Brito
|
0-0: Called Strike 0-1: Foul Ball, location: 2F 0-2: Ball 1-2: Ball 2-2: Ball 3-2: Base on Balls
|
|
Batting: LHB David Best
|
0-0: Swinging Strike 0-1: 2-RUN HOME RUN (Flyball, 9D, EV 96.3 MPH), Distance : 387 ft
|
|
Pitching: RHP Chris Starcher
|
|
|
Batting: LHB Bill Ostlund
|
0-0: Called Strike 0-1: Ball 1-1: Fly out, F6 (Popup, 6, EV 63.8 MPH)
|
| Bottom of the 6th over - 2 runs, 1 hit, 0 errors, 0 left on base; Minnesota (NYP) 0 - Aberdeen 11 |
| TOP OF THE 7TH |
|
Minnesota (NYP) Twins batting - Pitching for Aberdeen Ironbirds : RHP Brent Widder
|
|
Pinch Hitting: RHB Kelly Watson
|
0-0: Called Strike 0-1: Ball 1-1: Ball 2-1: Fly out, F7 (Flyball, 78S, EV 91.9 MPH)
|
|
Batting: RHB Jose Nunez
|
0-0: Called Strike 0-1: Fly out, F5 (Flyball, 5D, EV 78.8 MPH)
|
|
Batting: RHB Michael McDonald
|
0-0: Ball 1-0: Called Strike 1-1: Ball 2-1: Ball 3-1: Foul Ball, location: 2F 3-2: Base on Balls
|
|
Batting: RHB Graham Calvert
|
0-0: Foul Ball, location: 2F 0-1: Ball 1-1: DOUBLE (Line Drive, 9LM, EV 105.6 MPH) Michael McDonald to third Runner from 3rd tries for Home, SAFE, no throw by RF
|
|
Pitching: RHP David Burrus
|
|
|
Batting: RHB Tony Crespo
|
0-0: Called Strike 0-1: SINGLE (Groundball, 6D, EV 95.6 MPH) Graham Calvert to third
|
|
Batting: LHB Seung-jun Chang
|
0-0: Ball Wild Pitch! Graham Calvert scores Tony Crespo to second 1-0: Ball Passed Ball! Tony Crespo to third 2-0: Foul Ball, location: 2F 2-1: Foul Ball, location: 2F 2-2: Ball 3-2: SINGLE (Groundball, 6MD, EV 98.8 MPH) Tony Crespo scores
|
|
Batting: SHB Donell Burney
|
0-0: Ball 1-0: Called Strike Seung-jun Chang steals 2nd base 1-1: Ball 2-1: Foul Ball, location: 2F 2-2: Strikes out looking
|
| Top of the 7th over - 3 runs, 3 hits, 0 errors, 1 left on base; Minnesota (NYP) 3 - Aberdeen 11 |
| BOTTOM OF THE 7TH |
|
Aberdeen Ironbirds batting - Pitching for Minnesota (NYP) Twins : RHP Chris Starcher
|
|
Now at 1B: Kelly Watson
|
|
|
Batting: RHB Ioan Biros
|
0-0: Ball 1-0: Ball 2-0: Ball 3-0: Called Strike 3-1: Called Strike 3-2: Ground out 6-3 (Groundball, 6, EV 109.4 MPH)
|
|
Batting: LHB Rodolfo Montes
|
0-0: Ball 1-0: Ball 2-0: TRIPLE (Line Drive, 89XD, EV 96.9 MPH)
|
|
Batting: LHB Shane Free
|
0-0: Ball 1-0: Ball 2-0: Foul Ball, location: 2F 2-1: Ball 3-1: Foul Ball, location: 2F 3-2: SINGLE (Groundball, 3D, EV 100.0 MPH) Rodolfo Montes scores
|
|
Batting: RHB Travis Carter
|
0-0: Ball 1-0: Foul Ball, location: 2F 1-1: Ball 2-1: Fielders Choice at 2nd, 5-4 (Groundball, 56, EV 81.3 MPH)
|
|
Batting: LHB Raul Rojas
|
0-0: Ground out 3-1 (Groundball, 34, EV 100.0 MPH)
|
| Bottom of the 7th over - 1 run, 2 hits, 0 errors, 1 left on base; Minnesota (NYP) 3 - Aberdeen 12 |
| TOP OF THE 8TH |
|
Minnesota (NYP) Twins batting - Pitching for Aberdeen Ironbirds : RHP David Burrus
|
|
Batting: LHB Chris Munguia
|
0-0: Ball 1-0: Called Strike 1-1: Ball 2-1: Called Strike 2-2: Ball 3-2: Strikes out looking
|
|
Batting: RHB David Nardone
|
0-0: Ball 1-0: Called Strike 1-1: Ball 2-1: Ball 3-1: Foul Ball, location: 2F 3-2: Strikes out swinging
|
|
Batting: RHB Kelly Watson
|
0-0: Called Strike 0-1: Swinging Strike 0-2: Ball 1-2: Strikes out swinging
|
| Top of the 8th over - 0 runs, 0 hits, 0 errors, 0 left on base; Minnesota (NYP) 3 - Aberdeen 12 |
| BOTTOM OF THE 8TH |
|
Aberdeen Ironbirds batting - Pitching for Minnesota (NYP) Twins : RHP Chris Starcher
|
|
Batting: RHB Edwin Ramos
|
0-0: SOLO HOME RUN (Flyball, 7D, EV 106.9 MPH), Distance : 388 ft
|
|
Batting: SHB Jorge Brito
|
0-0: Ball 1-0: Foul Ball, location: 2F 1-1: Fly out, F7 (Flyball, 78XD, EV 84.4 MPH)
|
|
Batting: LHB David Best
|
0-0: Foul Ball, location: 2F 0-1: Swinging Strike 0-2: Fly out, F9 (Flyball, 9D, EV 83.8 MPH)
|
|
Batting: LHB Bill Ostlund
|
0-0: Ball 1-0: SINGLE (Line Drive, 8LS, EV 94.4 MPH)
|
|
Batting: RHB Ioan Biros
|
0-0: SINGLE (Line Drive, 8LM, EV 89.4 MPH) Bill Ostlund to second
|
|
Batting: LHB Rodolfo Montes
|
0-0: Ball 1-0: Foul Ball, location: 2F 1-1: Ball 2-1: Foul Ball, location: 2F 2-2: Ball 3-2: Fly out, F3 (Popup, 3S, EV 75.0 MPH)
|
| Bottom of the 8th over - 1 run, 3 hits, 0 errors, 2 left on base; Minnesota (NYP) 3 - Aberdeen 13 |
| TOP OF THE 9TH |
|
Minnesota (NYP) Twins batting - Pitching for Aberdeen Ironbirds : RHP David Burrus
|
|
Batting: RHB Jose Nunez
|
0-0: Ball 1-0: Called Strike 1-1: Ball 2-1: Foul Ball, location: 2F 2-2: Ball 3-2: DOUBLE (Line Drive, 3D, EV 97.5 MPH)
|
|
Batting: RHB Michael McDonald
|
0-0: Swinging Strike 0-1: SINGLE (Flyball, 6D, EV 87.5 MPH) Jose Nunez to third
|
|
Batting: RHB Graham Calvert
|
0-0: Swinging Strike 0-1: SINGLE (Line Drive, 8RS, EV 105.0 MPH) Jose Nunez scores Michael McDonald to second
|
|
Batting: RHB Tony Crespo
|
0-0: Called Strike 0-1: Fly out, F5 (Popup, 6S, EV 83.1 MPH)
|
|
Batting: LHB Seung-jun Chang
|
0-0: Ball 1-0: Fielders Choice at 2nd, 6-4 (Groundball, 6, EV 105.6 MPH) Michael McDonald to third
|
|
Pinch Hitting: RHB Sean Gould
|
0-0: Ball 1-0: Ball 2-0: Called Strike 2-1: Ball 3-1: Fly out, F8 (Flyball, 78D, EV 101.9 MPH)
|
| Top of the 9th over - 1 run, 3 hits, 0 errors, 2 left on base; Minnesota (NYP) 4 - Aberdeen 13 |
|